 Dungeon Crawl Stone Soup version 0.31.0-11-ge490571c62 (webtiles) character file.

Game seed: 9958243125626546264

18 Derpghoster the Gusty (level 2, 0/26 HPs)
             Began as an Oni Air Elementalist on Jan 31, 2024.
             Slain by a kobold
             ... wielding a +5 short sword
              (5 damage)
             ... on level 1 of the Dungeon.
             The game lasted 00:02:27 (905 turns).

Derpghoster the Gusty (Oni Air Elementalist)         Turns: 905, Time: 00:02:27

Health: 0/26       AC:  3    Str: 11    XL:     2   Next: 70%
Magic:  5/5        EV: 10    Int: 16    God:
Gold:   31         SH:  0    Dex:  9    Spells: 5/6 levels left

rFire   . . .        c - +0 club
rCold   . . .        (no shield)
rNeg    . . .        a - +0 robe
rPois   .            (helmet restricted)
rElec   .            (no cloak)
rCorr   .            (gloves unavailable)
SInv    .            (boots unavailable)
Will    .....        (no amulet)
Stlth   +            (no ring)
HPRegen 0.24/turn    (no ring)
MPRegen 0.09/turn

%: no passive effects
@: no status effects
A: large, unfitting armour, horns 1, tough skin 1, double potion healing,
drunken brawling
a: no special abilities


You were on level 1 of the Dungeon.
You visited 1 branch of the dungeon, and saw 1 of its levels.

You collected 31 gold pieces.

Inventory:

Hand Weapons
 c - a +0 club (weapon)
Armour
 a - a +0 robe (worn)
Scrolls
 f - a scroll of vulnerability {unknown}
Potions
 b - a potion of magic
 d - a potion of mutation {unknown}
 e - a potion of heal wounds
 g - a potion of curing {unknown}


   Skills:
 * Level 0.7 Fighting
 + Level 0.1 Maces & Flails
 + Level 2.0 Dodging
 + Level 1.5 Stealth
 + Level 2.6 Spellcasting
 + Level 1.1 Conjurations
 + Level 3.0 Air Magic


You had 5 spell levels left.
You knew the following spells:

 Your Spells              Type           Power      Damage    Failure   Level
a - Shock                 Conj/Air       32%        1d5       9%          1

Your spell library contained the following spells:

 Spells                   Type           Power      Damage    Failure   Level
 Static Discharge         Conj/Air       16%        3-4/arc   13%         2
 Swiftness                Air            11%        N/A       17%         3
 Airstrike                Air            5%         2d(1-17)  50%         4


Dungeon Overview and Level Annotations

Branches:
Dungeon (1/15)

Altars:


Innate Abilities, Weirdness & Mutations

You are too large for most types of armour.
You have a pair of small horns on your head.
You have tough skin. (AC +1)
You gain doubled healing and magic from potions.
Whenever you drink a healing potion, you attack all around you.


Message History

f - a scroll labelled WETHEL LAODOWN
There is an open door here.
There is an open door here.
Found a stone staircase leading down.
There is a stone staircase leading down here.
Found 4 poisoned darts.
You now have 31 gold pieces (gained 5).
g - a murky golden potion A kobold and a ball python come into view.
The ball python hisses angrily.
There are monsters nearby!
The kobold shouts!
You hit the ball python but do no damage.
The ball python closely misses you.
You closely miss the ball python. The ball python barely misses you.
The ball python bites you.
The kobold hits you with a +5 short sword.
You hit the ball python. Your headbutt misses the ball python.
The ball python is severely wounded.
The ball python bites you.
The kobold hits you with a +5 short sword!
The ball python barely misses you.
You closely miss the ball python.
The ball python is severely wounded.
The kobold closely misses you.
The ball python bites you but does no damage.
You barely miss the ball python. Your headbutt misses the ball python.
The ball python is severely wounded.
The kobold closely misses you. The ball python misses you.
The kobold hits you with a +5 short sword.
The ball python bites you but does no damage.
You barely miss the ball python. You headbutt the ball python.
You kill the ball python!
The kobold barely misses you.
You barely miss the kobold. The kobold closely misses you.
You barely miss the kobold.
The kobold hits you with a +5 short sword.
* * * LOW HITPOINT WARNING * * *
The kobold hits you with a +5 short sword.
You die...

#...........# #.......
############# ########
##############
#............#
#...!.K......#
#....$.@.....#
#............###########
#.......................
#............###########
######.##...... #.
#.###### #.#(.. #.#..##
#.


You could see a kobold.

Vanquished Creatures
  A dart slug (D:1)
  3 ball pythons (D:1)
  3 goblins (D:1)
  2 jackals (D:1)
  2 kobolds (D:1)
  3 bats (D:1)
  A frilled lizard (D:1)
  A rat (D:1)
16 creatures vanquished.

Notes
Turn   | Place    | Note
-------+----------+-------------------------------------------
     0 | D:1      | Derpghoster the Oni Air Elementalist began the quest for
                  | the Orb.
     0 | D:1      | Reached XP level 1. HP: 16/16 MP: 3/3
   279 | D:1      | Reached skill level 1 in Conjurations
   279 | D:1      | Reached XP level 2. HP: 22/24 MP: 2/5
   516 | D:1      | Reached skill level 3 in Air Magic
   905 | D:1      | Slain by a kobold

Illustrated notes

Levels and vault maps discovered:
D:1:      saegor_arrival_simple_d, layout_basic

Skill      XL: |  1  2 |
---------------+-------+-----
Conjurations   | 1 |  1.1
Air Magic      | 3 |  3.0
Dodging        | 2 |  2.0
Fighting       | |  0.7
Maces & Flails | |  0.1
Stealth        | |  1.5
Spellcasting   | |  2.6

Action                     || total
---------------------------++-------
  Melee: Club              ||    53
         Unarmed           ||    10
         Headbutt          ||    10
         Punch             ||     1
   Cast: Shock             ||     4
    Use: Scroll            ||     5
   Stab: Sleeping          ||     1
 Armour: Robe              ||    63
  Dodge: Dodged            ||    58
